 Dungeon Sprint DCSS version 0.27.1-3-gb3d3a73c9e (webtiles) character file.

Game seed: 7513734610656857663

9000000 Eitelfritz the Intangible (level 27, -7/228 HPs)
             Began as a Djinni Gladiator on Oct 28, 2021.
             Was the Champion of Makhleb.
             Killed by the air
             ... invoked by a tyrant
              (35 damage)
             ... in the Dungeon (Sprint VIII: "Arena of Blood").
             The game lasted 00:16:06 (90 turns).

Eitelfritz the Intangible (Djinni Gladiator)          Turns: 90, Time: 00:16:06

Health: -7/228     AC:  8    Str: 13    XL:     27
Gold:   0          EV: 31    Int: 18    God:    Makhleb [******] SH:  0 Dex: 20

rFire    + + .     SeeInvis .   a - +∞ Axe of Woe
rCold    x . .     Faith    .   (shield currently unavailable)
rNeg     . . .     Spirit   .   b - +0 leather armour
rPois    ∞         Reflect  .   c - +0 helmet
rElec    .         Harm     .   (no cloak)
rCorr    .         Rampage  .   (no gloves)
Will     ++...     NoTele   +   (boots unavailable)
Stlth    ++++++++++             (no amulet)
HPRegen  0.48/turn              (no ring)
MPRegen  0.00/turn              (no ring)

@: flying, slowed, very slow
A: sickness immunity, fire resistance 2, cold vulnerability 1, float, innate
caster, hp casting, extra vitality 1
a: Renounce Religion, Minor Destruction, Lesser Servant of Makhleb, Major
Destruction, Greater Servant of Makhleb


You were in the Dungeon.
You worshipped Makhleb.
Makhleb was exalted by your worship.
You visited 1 branch

Inventory:

Hand Weapons
 a - the +∞ Axe of Woe (weapon)
   (You found it in the Dungeon)
 j - a +0 war axe
Missiles
 d - 3 throwing nets (quivered)
Armour
 b - a +0 leather armour (worn)
 c - a +0 helmet (worn)
Scrolls
 i - a scroll of blinking
Potions
 e - a potion of curing
 g - a potion of haste
 h - a potion of berserk rage


   Skills:
 O Level 27 Fighting
 O Level 27 Short Blades
 O Level 27 Long Blades
 O Level 27 Axes
 O Level 27 Maces & Flails
 O Level 27 Polearms
 O Level 27 Staves
 O Level 27 Slings
 O Level 27 Bows
 O Level 27 Crossbows
 O Level 27 Throwing
 O Level 27 Armour
 O Level 27 Dodging
 O Level 27 Stealth
 O Level 27 Shields
 O Level 27 Unarmed Combat
 O Level 27 Spellcasting
 O Level 27 Invocations
 O Level 27 Evocations


You had 10 spell levels left.
You knew the following spells:

 Your Spells              Type           Power      Damage    Failure   Level
a - Pain                  Necr           100%       1d9       0%          1
b - Slow                  Hex            88%        N/A       0%          2
c - Searing Ray           Conj           100%       3d7       0%          2
d - Dazzling Flash        Conj/Hex       100%       N/A       0%          3
e - Fireball              Conj/Fire      44%        3d18      0%          5
f - Blade Hands           Tmut           44%        N/A       0%          5
g - Eringya's Noxious Bo  Tmut/Pois      44%        N/A       0%          6
h - Starburst             Conj/Fire      44%        6d12      0%          6
i - Conjure Ball Lightni  Conj/Air       44%        3x3d15    0%          6
j - Discord               Hex            44%        N/A       1%          8
k - Infestation           Necr           44%        N/A       1%          8
l - Shatter               Erth           44%        3d34*     2%          9
m - Chain Lightning       Conj/Air       44%        3d58      2%          9
Your spell library was empty.

Dungeon Overview and Level Annotations

Branches:
Dungeon (1/1)

Altars:
Makhleb


Innate Abilities, Weirdness & Mutations

You are immune to sickness and miasma.
You are immune to poison.
Your flesh is very heat resistant. (rF++)
You are vulnerable to cold. (rC-)
You float through the air rather than walking.
You learn spells naturally, not from books.
Your magical power is your life essence.
You have superior vitality. (+4 HP)


Message History

The eight-headed meat hydra seems to slow down.
Your death scarab draws strength from the eight-headed meat hydra's injuries!
You hear a shout! x5
A meat beast comes into view.
Your death scarab bites the eight-headed meat hydra!!
The eight-headed meat hydra dies!
Makhleb accepts your kill.
You hear a shout!
The tyrant gestures wildly while chanting.
You hear a shout!
The destroyer hits your death scarab with a +9 vorpal great sword!!!!
Your death scarab is destroyed!
A meat berserker comes into view. It is wielding a +9 battleaxe.
You hear a shout! x2
Something bites your death scarab but does no damage.
The eight-headed meat hydra calls on the powers of darkness!
The eight-headed meat hydra convulses!
Your body is wracked with pain!
* * * LOW HITPOINT WARNING * * *
The bag of meat convulses!
The dread hits your death scarab but does no damage.
The tyrant gestures wildly while chanting.
You hear a shout!
The destroyer hits your death scarab with a +9 vorpal great sword!!!!!
Your death scarab is destroyed!
The dread calls on the powers of darkness!
The bag of meat convulses! x2; Your body is wracked with pain!
* * * LOW HITPOINT WARNING * * *
The destroyer shouts!
You slash the meat beast!
You dissect the meat beast like a pig carcass.
You kill the meat beast!
Makhleb accepts your kill.
You feel better.
The accursed appears out of thin air!
An accursed comes into view.
Your death scarab closely misses the large abomination.
Your death scarab bites the large abomination!!
You hear a shout!
The tyrant waves its bony arms in wide circles.
The air twists around and strikes you!!
You die...

...............).
.o.)...#.#....)).
..2)).......)..##
..X.X.....))))...
X..........).))..
..LXX..)....))..)
..X.D...)))M)....
#X...@B†#
#..).)B)#
.###...).)X###...
......###oV)......
......._)B).L.....
.)..#.....#W§W....
..O.#_.<._#.Xzo...
.. #.....#).z.X.#
....._..).......


You could see an accursed (wandering), 5 tentacled monstrosities, a meat beast
(fast), 2 tyrants, an eight-headed meat hydra, a destroyer (slow, ally target),
2 sculptors of flesh, 5 large abominations, 2 dreads, a meat berserker
(berserk), 3 bags of meat and 3 friendly death scarabs.

Vanquished Creatures
  Sigmund (D)
  6 hell beasts (D)
  3 royal mummies (D)
  8 vampire knights (D)
  31 ogres (D)
  4 two-headed ogres (D)
  7 liches (D)
  A hydra (D)
  45 orcs (D)
  A phantom (D)
  6 skeletal warriors (D)
113 creatures vanquished.

Vanquished Creatures (collateral kills)
  An ogre (D)
  A two-headed ogre (D)
  A hydra (D)
  12 orcs (D)
15 creatures vanquished.

Vanquished Creatures (others)
  A vampire knight (D)
  A two-headed ogre (D)
  18 orcs (D)
  3 ball lightnings (D)
23 creatures vanquished.

Grand Total: 151 creatures vanquished

Notes
Turn   | Place    | Note
-------+----------+-------------------------------------------
     0 | D        | Found the +∞ Axe of Woe
     0 | D        | Eitelfritz the Djinni Gladiator began the quest for the
                  | Orb.
     0 | D        | Reached XP level 1. HP: 18/18 MP: 0/0
     3 | D        | Noticed a meat berserker
     4 | D        | Became a worshipper of Makhleb the Destroyer
     4 | D        | Noticed a bag of meat
     5 | D        | Noticed a meat berserker
     5 | D        | Noticed a bag of meat
     5 | D        | Noticed a bag of meat
     5 | D        | Noticed a bag of meat
     7 | D        | Killed a meat berserker
     7 | D        | Noticed a meat berserker
     7 | D        | Noticed a bag of meat
     7 | D        | Noticed a meat berserker
     8 | D        | Reached skill level 10 in Throwing
     8 | D        | Reached XP level 2. HP: 38/38 MP: 0/0
     8 | D        | Reached XP level 3. HP: 43/43 MP: 0/0
     8 | D        | Learned a level 1 spell: Pain
     8 | D        | Reached XP level 4. HP: 49/49 MP: 0/0
     8 | D        | Reached XP level 5. HP: 55/55 MP: 0/0
     8 | D        | Learned a level 2 spell: Slow
     8 | D        | Reached XP level 6. HP: 61/61 MP: 0/0
     8 | D        | Reached XP level 7. HP: 66/66 MP: 0/0
     8 | D        | Learned a level 2 spell: Searing Ray
     8 | D        | Reached XP level 8. HP: 72/72 MP: 0/0
     8 | D        | Reached XP level 9. HP: 77/77 MP: 0/0
     8 | D        | Learned a level 3 spell: Dazzling Flash
     8 | D        | Reached XP level 10. HP: 84/84 MP: 0/0
     8 | D        | Reached XP level 11. HP: 89/89 MP: 0/0
     8 | D        | Learned a level 5 spell: Fireball
     8 | D        | Reached XP level 12. HP: 95/95 MP: 0/0
     8 | D        | Reached XP level 13. HP: 100/100 MP: 0/0
     8 | D        | Learned a level 5 spell: Blade Hands
     8 | D        | Noticed a meat berserker
     8 | D        | Killed a bag of meat
     8 | D        | Reached * piety under Makhleb
     9 | D        | Reached XP level 14. HP: 108/108 MP: 0/0
     9 | D        | Killed a bag of meat
     9 | D        | Noticed a bag of meat
     9 | D        | Noticed a bag of meat
     9 | D        | Noticed a bag of meat
     9 | D        | Noticed a bag of meat
     9 | D        | Noticed a bag of meat
    10 | D        | Reached XP level 15. HP: 116/116 MP: 0/0
    10 | D        | Learned a level 6 spell: Eringya's Noxious Bog
    10 | D        | Noticed a meat berserker
    10 | D        | Killed a meat berserker
    10 | D        | Reached ** piety under Makhleb
    11 | D        | Reached skill level 27 in Dodging
    11 | D        | Reached XP level 16. HP: 129/129 MP: 0/0
    12 | D        | Killed a meat berserker
    12 | D        | Killed a meat berserker
    12 | D        | Killed a meat berserker
    12 | D        | Reached *** piety under Makhleb
    13 | D        | Reached skill level 27 in Axes
    13 | D        | Reached XP level 17. HP: 143/143 MP: 0/0
    13 | D        | Learned a level 6 spell: Starburst
    13 | D        | Reached XP level 18. HP: 149/149 MP: 0/0
    14 | D        | Reached XP level 19. HP: 157/157 MP: 0/0
    14 | D        | Learned a level 6 spell: Conjure Ball Lightning
    14 | D        | Noticed a meat berserker
    14 | D        | Noticed a meat berserker
    15 | D        | Killed a meat berserker
    15 | D        | Noticed a meat berserker
    16 | D        | Reached **** piety under Makhleb
    17 | D        | Reached ***** piety under Makhleb
    17 | D        | Noticed a meat berserker
    18 | D        | Reached skill level 5 in Armour
    18 | D        | Reached XP level 20. HP: 166/175 MP: 0/0
    19 | D        | Killed a meat berserker
    20 | D        | Reached skill level 27 in Invocations
    20 | D        | Reached XP level 21. HP: 156/185 MP: 0/0
    20 | D        | Learned a level 8 spell: Discord
    21 | D        | Killed a meat berserker
    21 | D        | Killed a meat berserker
    21 | D        | Noticed a destroyer
    22 | D        | Reached skill level 27 in Fighting
    22 | D        | Reached XP level 22. HP: 194/194 MP: 0/0
    23 | D        | Reached skill level 27 in Spellcasting
    24 | D        | Killed a meat berserker
    25 | D        | Noticed a large bag of meat
    25 | D        | Noticed a large bag of meat
    25 | D        | Noticed a large bag of meat
    25 | D        | Noticed a meat berserker
    26 | D        | Noticed a meat berserker
    26 | D        | Noticed a large bag of meat
    26 | D        | Noticed a meat berserker
    26 | D        | Noticed a meat berserker
    26 | D        | Noticed a meat berserker
    27 | D        | Reached ****** piety under Makhleb
    28 | D        | Reached skill level 27 in Throwing
    28 | D        | Reached XP level 23. HP: 201/201 MP: 0/0
    28 | D        | Learned a level 8 spell: Infestation
    28 | D        | Noticed a destroyer
    28 | D        | Killed a destroyer
    29 | D        | Reached skill level 27 in Armour
    29 | D        | Killed a large bag of meat
    30 | D        | Reached XP level 24. HP: 202/208 MP: 0/0
    32 | D        | Reached skill level 10 in Maces & Flails
    32 | D        | Reached skill level 10 in Polearms
    32 | D        | Reached skill level 10 in Staves
    32 | D        | Reached skill level 10 in Slings
    32 | D        | Reached skill level 10 in Bows
    32 | D        | Reached skill level 10 in Crossbows
    32 | D        | Reached skill level 10 in Stealth
    33 | D        | Reached XP level 25. HP: 214/214 MP: 0/0
    33 | D        | Learned a level 9 spell: Shatter
    33 | D        | Killed a large bag of meat
    36 | D        | Reached skill level 15 in Shields
    36 | D        | Reached skill level 15 in Unarmed Combat
    36 | D        | Reached skill level 15 in Evocations
    36 | D        | Killed a large bag of meat
    36 | D        | Noticed a destroyer
    36 | D        | Killed a large bag of meat
    37 | D        | Reached skill level 15 in Short Blades
    37 | D        | Reached skill level 15 in Long Blades
    37 | D        | Reached skill level 15 in Staves
    37 | D        | Reached skill level 15 in Stealth
    37 | D        | Reached XP level 26. HP: 153/221 MP: 0/0
    37 | D        | Noticed a large bag of meat
    39 | D        | Reached skill level 15 in Maces & Flails
    39 | D        | Reached skill level 15 in Polearms
    40 | D        | Reached skill level 15 in Slings
    40 | D        | Reached skill level 15 in Bows
    40 | D        | Reached skill level 15 in Crossbows
    40 | D        | Noticed a large bag of meat
    42 | D        | Reached XP level 27. HP: 225/228 MP: 0/0
    42 | D        | Learned a level 9 spell: Chain Lightning
    43 | D        | Killed a destroyer
    43 | D        | Noticed a destroyer
    43 | D        | Noticed a destroyer
    45 | D        | Killed a destroyer
    47 | D        | Killed a large bag of meat
    47 | D        | Noticed a tyrant
    47 | D        | Noticed a destroyer
    48 | D        | Killed a destroyer
    48 | D        | Noticed a tyrant
    48 | D        | Noticed a tyrant
    48 | D        | Noticed a destroyer
    49 | D        | Killed a tyrant
    50 | D        | Killed a tyrant
    51 | D        | Killed a destroyer
    52 | D        | Killed a destroyer
    52 | D        | Noticed an accursed
    53 | D        | Killed a large bag of meat
    55 | D        | Noticed a tyrant
    56 | D        | Reached skill level 27 in Shields
    56 | D        | Reached skill level 27 in Unarmed Combat
    56 | D        | Reached skill level 27 in Evocations
    56 | D        | Noticed an accursed
    57 | D        | Noticed a tyrant
    58 | D        | Reached skill level 27 in Short Blades
    58 | D        | Reached skill level 27 in Long Blades
    59 | D        | Noticed The Captor
    59 | D        | Killed a destroyer
    59 | D        | Noticed a destroyer
    60 | D        | Reached skill level 27 in Staves
    60 | D        | Reached skill level 27 in Stealth
    60 | D        | Killed an accursed
    61 | D        | Reached skill level 27 in Maces & Flails
    61 | D        | Reached skill level 27 in Polearms
    61 | D        | Reached skill level 27 in Slings
    61 | D        | Reached skill level 27 in Bows
    61 | D        | Reached skill level 27 in Crossbows
    61 | D        | Noticed a tyrant
    62 | D        | Noticed a meat beast
    62 | D        | Killed a tyrant
    62 | D        | Noticed an accursed
    62 | D        | Noticed a tyrant
    62 | D        | Noticed a destroyer
    64 | D        | Killed a tyrant
    65 | D        | Killed a tyrant
    66 | D        | Killed a meat beast
    66 | D        | Killed a destroyer
    67 | D        | Killed The Captor
    68 | D        | Killed a tyrant
    69 | D        | Noticed a meat beast
    71 | D        | Killed an accursed
    72 | D        | Killed a meat beast
    72 | D        | Killed a tyrant
    74 | D        | Noticed a meat beast
    75 | D        | Killed a destroyer
    77 | D        | Noticed a meat beast
    78 | D        | Killed a meat beast
    78 | D        | Noticed a dread
    79 | D        | Killed a meat beast
    79 | D        | Noticed a tyrant
    80 | D        | Noticed a meat beast
    81 | D        | Killed a meat beast
    81 | D        | Noticed a dread
    85 | D        | Noticed a destroyer
    87 | D        | Noticed a meat beast
    88 | D        | Noticed a tyrant
    88 | D        | Killed an accursed
    89 | D        | Noticed an accursed
    89 | D        | Noticed a meat beast
    89 | D        | HP: 9/228 [??? (6)]
    90 | D        | Killed a meat beast
    90 | D        | Killed from afar by a tyrant

Illustrated notes

Levels and vault maps discovered:
D:        meatsprint

Skill      XL: |  1  2  3  4  5  6  7  8  9 10 11 12 13 14 15 16 17 18 19 20 21 22 23 24 25 26 27 |
---------------+----------------------------------------------------------------------------------+-----
Fighting       | 11 12 13 16 19 20 24 26 27 | 27.0
Axes           | 17 19 20 23 27 | 27.0
Throwing       | 10 11 13 16 19 20 22 27 | 27.0
Dodging        | 21 23 24 27 | 27.0
Spellcasting   | 13 14 20 22 26 27 | 27.0
Invocations    | 16 17 25 27 | 27.0
Armour         | 5 7 11 20 27 | 27.0
Short Blades   | 8 12 15 18 27 | 27.0
Long Blades    | 8 12 15 18 27 | 27.0
Maces & Flails | 7 11 14 16 27 | 27.0
Polearms       | 7 11 14 16 27 | 27.0
Staves         | 7 12 15 17 27 | 27.0
Slings         | 7 11 13 16 27 | 27.0
Bows           | 7 11 13 16 27 | 27.0
Crossbows      | 7 11 13 16 27 | 27.0
Stealth        | 7 12 15 17 27 | 27.0
Shields        | 8 13 16 18 27 | 27.0
Unarmed Combat | 8 13 16 18 27 | 27.0
Evocations     | 8 13 16 18 27 | 27.0

Action                   |  1- 3 |  4- 6 |  7- 9 | 10-12 | 13-15 | 16-18 | 19-21 | 22-24 | 25-27 || total
-------------------------+-------+-------+-------+-------+-------+-------+-------+-------+-------++-------
Melee: Executioner's axe |     1 |       |       |       |     3 |     2 |     5 |     7 |    46 ||    64
 Cast: Conjure Ball Ligh |       |       |       |       |       |       |     1 |       |       ||     1
       Eringya's Noxious |       |       |       |       |       |       |     1 |     1 |     3 ||     5
       Discord           |       |       |       |       |       |       |     1 |       |     1 ||     2
       Infestation       |       |       |       |       |       |       |       |       |     3 ||     3
  Use: Potion            |       |       |       |       |       |       |       |       |     1 ||     1
Dodge: Dodged            |       |       |       |       |     1 |       |       |       |     3 ||     4
